 Dungeon Crawl Stone Soup version 0.22-a0-147-gfdd7f25 (webtiles) character file.

77 4thArraOfDagon the Cutter (level 4, -7/21 HPs)
             Began as a Spriggan Air Elementalist on Feb 6, 2018.
             Was a Believer of Jiyva.
             Mangled by a black mamba (14 damage)
             ... on level 6 of the Lair of Beasts.
             The game lasted 00:28:44 (3951 turns).

4thArraOfDagon the Cutter (SpAE)                    Turns: 3951, Time: 00:28:44

Health: -7/21      AC:  2    Str:  6    XL:     4   Next: 13%
Magic:  9/9        EV: 18    Int: 16    God:    Jiyva [**....]
Gold:   313        SH:  0    Dex: 15    Spells: 1/8 levels left

rFire    x . .     SeeInvis +   h - +0 short sword
rCold    + . .     Gourm    .   (shield restricted)
rNeg     + . .     Faith    .   a - +0 robe
rPois    .         Spirit   .   (helmet restricted)
rElec    .         Reflect  .   (no cloak)
rCorr    .         Harm     .   (gloves unavailable)
MR       ++...                  (boots unavailable)
Stlth    ++++......             D - amulet of rage
HPRegen  0.07/turn              F - ring "Kustriag Qaki" {Ice rN+ MR++ Stlth+}
MPRegen  0.11/turn              w - ring of stealth

@: very quick
A: very small, unfitting armour, see invisible, herbivore, speed 3, slow
metabolism 2
a: Request Jelly, Renounce Religion, Evoke Berserk Rage


You were on level 6 of the Lair of Beasts.
You worshipped Jiyva.
Jiyva was pleased with you.
You were not hungry.

You visited 3 branches of the dungeon, and saw 15 of its levels.
You also visited: Labyrinth.

You collected 313 gold pieces.

Inventory:

Hand Weapons
 h - a +0 short sword (weapon)
 x - a +2 antimagic hand axe
 y - a +0 morningstar
 z - a +1 spear of piercing
 H - a +0 falchion
Armour
 a - a +0 robe (worn)
 b - a +0 ring mail
 B - a +0 pair of boots of stealth
 C - a +0 ring mail
Magical Staves
 m - an uncursed staff of wizardry {!a}
 v - an uncursed staff of summoning {unknown}
Jewellery
 w - a ring of stealth (right hand)
 D - an amulet of rage (around neck)
 F - the ring "Kustriag Qaki" (left hand) {Ice rN+ MR++ Stlth+}
   (You found it in a labyrinth)

   [ring of ice]

   It enhances your ice magic.
   It makes you vulnerable to fire.
   It protects you from cold.
   It protects you from negative energy.
   It affects your resistance to hostile enchantments.
   It makes you more stealthy.
Wands
 f - a wand of digging (17)
 i - a wand of paralysis (7)
 l - a wand of clouds (3)
Scrolls
 d - a scroll of fog {unknown}
 e - a scroll of immolation {unknown}
 k - a scroll of summoning {unknown}
 n - 2 scrolls of remove curse
 p - 2 scrolls of random uselessness {unknown}
 s - 2 scrolls of enchant armour {unknown}
 t - a scroll of brand weapon {unknown}
Potions
 g - a potion of flight
 j - a potion of agility {unknown}
 o - a potion of ambrosia {unknown}
 r - a potion of lignification {unknown}
 u - a potion of haste {unknown}
 A - a potion of mutation {unknown}
 E - a potion of brilliance
Books
 G - a book of Necromancy

   Spells                             Type                      Level
   a - Pain                           Necromancy                   1
   b - Animate Skeleton               Necromancy                   1
   c - Vampiric Draining              Necromancy                   3
   d - Regeneration                   Charms/Necromancy            3
   e - Animate Dead                   Necromancy                   4
Miscellaneous
 q - a sack of spiders
Comestibles
 c - 3 rations


   Skills:
 - Level 3.7 Short Blades
 - Level 3.0 Dodging
 - Level 3.0 Stealth
 * Level 2.6 Spellcasting
 - Level 0.6 Conjurations
 - Level 3.1 Air Magic


You had one spell level left.
You knew the following spells:

 Your Spells              Type           Power        Failure   Level  Hunger
a - Shock                 Conj/Air       #...         9%          1    #......
b - Swiftness             Chrm/Air       #.......     16%         2    ##.....
c - Airstrike             Air            ##........   45%         4    #####..


Dungeon Overview and Level Annotations

Branches:
Dungeon (8/15)               Lair (6/6) D:8          Shoals (0/4) Lair:3
  Slime (1/5) Lair:5
 Temple: D:4-7        Snake: Lair:2-4    Spider: Lair:2-4

Altars:
Elyvilon
The Shining One
Jiyva

Shops:
D:5 }

Portals:
Sewer: D:3

Annotations:
D:8 Gastronok; Lapis's ghost, novice OpAs
Lair:2 Nergalle


Innate Abilities, Weirdness & Mutations

You are very small and have problems with some larger weapons.
You are too small for most types of armour.
You have supernaturally acute eyesight. (SInv)
You are a herbivore.
You cover ground extremely quickly.
You need consume almost no food.


Message History

Unknown command.
Unknown command.
Unknown command.
Unknown command.
Unknown command.
You hear a distant slurping noise.
Jiyva appreciates your sacrifice.
Unknown command.
Unknown command.
Unknown command.
Unknown command.
Unknown command.
Evoke which item? (* to show all) (? for menu, Esc to quit)
Aiming: Paralyse
Press: ? - help, Shift-Dir - straight line, f - black mamba
Aim: a black mamba (chance to defeat MR: 46%)
The black mamba resists with some effort.
The black mamba bites you!
Ouch! That really hurt!
You die...

##...#*********,,,,,,******
##.....,** **....##
....#,,..## ##.....#
....##.#..## ##.....#*
..#.##..#..####.#....#
....###...P.##.......###
.P..P.#....P...........#
..........PP......#...###***
..l.......PPP..S@P#<....##.#
..###.P....PP.....P.......#*
.<.#...............P#.##..P#*
.P#....P##..........###*,,..#
...#...####...J......# **,**#
.......######.......## *,,**
.......P.# ###.PP..####*,,,*
.###.....####...#......#,<,**
.###.....##.#.#..#.##PP#,,**


You could see a black mamba and a neutral jelly (fellow slime).

Vanquished Creatures
  A big kobold (D:8)
  A bat (D:3)
  A goblin (D:3)
  A hobgoblin (D:1)
  A kobold (D:2)
  A frilled lizard (D:4)
  A rat (D:1)
7 creatures vanquished.

Vanquished Creatures (others)
  A blink frog (Lair:4)
  2 hungry ghosts (Lab)
  2 porcupines
  A water moccasin (Lair:4)
  A crocodile (Lair:2)
  A bullfrog (Lair:2)
  13 jellies
  6 fungi
  8 plants
35 creatures vanquished.

Grand Total: 42 creatures vanquished

Notes
Turn   | Place    | Note
-------+----------+-------------------------------------------
     0 | D:1      | 4thArraOfDagon the Spriggan Air Elementalist began the quest for the Orb.
     0 | D:1      | Reached XP level 1. HP: 9/9 MP: 5/5
    64 | D:3      | Found a glowing drain.
   216 | D:5      | Entered Level 5 of the Dungeon
   236 | D:5      | Found Leykeligh's Gadget Shop.
   295 | D:5      | Noticed a phantom
   304 | D:5      | Found a white marble altar of Elyvilon.
   326 | D:5      | Noticed an orc wizard
   448 | D:6      | Noticed a worker ant
   454 | D:6      | Noticed a water moccasin zombie
   508 | D:7      | Noticed a big kobold
   531 | D:8      | Noticed an orc wizard
   532 | D:8      | Noticed Gastronok
   546 | D:8      | Noticed a big kobold
   559 | D:8      | Killed a big kobold
   559 | D:8      | Reached XP level 2. HP: 6/13 MP: 6/6
   559 | D:8      | Reached XP level 3. HP: 7/16 MP: 8/8
   559 | D:8      | Reached XP level 4. HP: 9/21 MP: 9/9
   572 | D:8      | Noticed an ogre
   574 | D:8      | Noticed Lapis's ghost (novice OpAs)
   595 | D:8      | Noticed a porcupine
   596 | D:8      | Noticed a porcupine
   602 | D:8      | Noticed a hippogriff
   606 | D:8      | Found a staircase to the Lair.
   606 | D:8      | Noticed an orc warrior
   608 | D:8      | Noticed a porcupine
   612 | Lair:1   | Entered Level 1 of the Lair of Beasts
   718 | Lair:2   | Noticed a bullfrog
   739 | Lair:3   | Noticed a water moccasin
   793 | Lair:3   | Noticed a hippogriff
   806 | Lair:3   | Noticed a water moccasin
   848 | Lair:3   | Noticed a spiny frog
   854 | Lair:3   | Noticed a crocodile
   856 | Lair:3   | Noticed a komodo dragon
   861 | Lair:3   | Noticed a water moccasin
   863 | Lair:3   | Noticed a naga
   863 | Lair:3   | Noticed a naga
   863 | Lair:3   | Noticed a naga
   878 | Lair:3   | Noticed a hippogriff
   889 | Lair:3   | Noticed a crocodile
   965 | Lair:5   | Noticed a yak
   965 | Lair:5   | Noticed a yak
   965 | Lair:5   | Noticed a yak
   965 | Lair:5   | Noticed a yak
   965 | Lair:5   | Noticed a yak
   965 | Lair:5   | Noticed a yak
   965 | Lair:5   | Noticed a yak
   965 | Lair:5   | Noticed an elephant
   965 | Lair:5   | Noticed an elephant
   965 | Lair:5   | Noticed an elephant
   966 | Lair:5   | Noticed a yak
   968 | Lair:5   | Noticed a basilisk
   973 | Lair:5   | Noticed a water moccasin
   990 | Lair:5   | how
   998 | Lair:5   | Noticed a bullfrog
  1039 | Lair:5   | Noticed a water moccasin
  1060 | Lair:5   | Noticed a spiny frog
  1066 | Lair:5   | Found a viscous altar of Jiyva.
  1066 | Lair:5   | Found a staircase to the Slime Pits.
  1071 | Lair:5   | Became a worshipper of Jiyva Jyvailo the Shapeless
  1074 | Slime:1  | Entered Level 1 of the Pits of Slime
  1074 | Slime:1  | Noticed a shining eye
  1077 | Slime:1  | Noticed a slime creature
  1095 | Slime:1  | Noticed a slime creature
  1097 | Slime:1  | Noticed a slime creature
  1098 | Slime:1  | Noticed a golden eye
  1148 | Lair:5   | Noticed a water moccasin
  1193 | Lair:2   | Noticed a crocodile
  1239 | Lair:2   | Noticed a water moccasin
  1243 | Lair:2   | Noticed a bullfrog
  1272 | Lair:1   | Found a glowing golden altar of the Shining One.
  1316 | Lair:1   | Noticed a crocodile
  1350 | Lair:1   | Noticed a six-headed hydra
  1416 | Lair:1   | Noticed a komodo dragon
  1456 | Lair:1   | Reached * piety under Jiyva
  1602 | Lair:1   | Killed a porcupine
  1752 | Lair:2   | Noticed a crocodile
  1813 | Lair:2   | Killed a bullfrog
  1871 | Lair:2   | Noticed a rime drake
  1897 | Lair:2   | Learned a level 2 spell: Swiftness
  1902 | Lair:2   | Learned a level 4 spell: Airstrike
  1925 | Lair:2   | Noticed Nergalle
  1925 | Lair:2   | Noticed a crocodile
  2034 | Lair:3   | Noticed a water moccasin
  2106 | Lair:3   | Noticed a polar bear
  2110 | Lair:3   | Found a staircase to the Shoals.
  2110 | Lair:3   | Noticed a naga
  2111 | Lair:3   | Noticed a merfolk siren
  2113 | Lair:3   | Noticed a naga
  2115 | Lair:4   | Noticed a water moccasin
  2128 | Lair:4   | Noticed a basilisk
  2224 | Lair:4   | Noticed a black mamba
  2629 | Lair:4   | Reached ** piety under Jiyva
  2705 | Lair:4   | Noticed a basilisk
  2809 | Lair:4   | Noticed a porcupine
  2822 | Lair:4   | Noticed a blink frog
  2825 | Lair:5   | Noticed a water moccasin
  2825 | Lair:5   | Noticed a yak
  2827 | Lair:4   | Noticed a blink frog
  2849 | Lair:4   | Noticed a spiny frog
  2856 | Lair:4   | Noticed a blink frog
  2858 | Lair:4   | Noticed a blink frog
  2903 | Lair:2   | Noticed a bullfrog
  2904 | Lair:2   | Noticed a crocodile
  3157 | Lair:2   | Noticed a komodo dragon
  3165 | Lair:2   | Killed a crocodile
  3178 | Lair:2   | Noticed a basilisk
  3182 | Lair:3   | Noticed a naga
  3256 | Lair:4   | Killed a porcupine
  3270 | Lair:4   | Killed a blink frog
  3276 | Lair:4   | Killed a water moccasin
  3277 | Lair:5   | Noticed a porcupine
  3277 | Lair:5   | Noticed a yak
  3302 | Lair:5   | Noticed a yak
  3315 | Lair:5   | Noticed a spiny frog
  3324 | Lair:5   | Noticed a water moccasin
  3335 | Lair:6   | Entered Level 6 of the Lair of Beasts
  3335 | Lair:6   | Noticed a crocodile
  3386 | Lair:6   | Noticed a komodo dragon
  3412 | Lair:6   | Noticed a water moccasin
  3437 | Lair:6   | Found a labyrinth entrance.
  3441 | Lair:6   | Noticed a six-headed hydra
  3542 | Lab      | Entered a labyrinth
  3586 | Lab      | Noticed a hungry ghost
  3602 | Lab      | Noticed a hungry ghost
  3604 | Lab      | Noticed a hungry ghost
  3604 | Lab      | Noticed a hungry ghost
  3630 | Lab      | Noticed a hungry ghost
  3630 | Lab      | Noticed a shadow
  3650 | Lab      | Killed a hungry ghost
  3715 | Lab      | Noticed a hungry ghost
  3746 | Lab      | Killed a hungry ghost
  3761 | Lab      | Noticed a redback
  3844 | Lab      | Noticed a minotaur
  3861 | Lab      | Got a faintly glowing wooden ring
  3862 | Lab      | Identified the ring "Kustriag Qaki" {Ice rN+ MR++ Stlth+} (You found it in a labyrinth)
  3951 | Lair:6   | Mangled by a black mamba

Vault maps used:
D:1:      onia_arrival_handbag
D:2:      first_ration
D:3:      gup_sewer_entry_glass, uniq_terence, uniq_grinder
D:4:      minmay_temple_entry_junction_2
D:5:      nicolae_qazlal_eye_of_the_storm, elyvilon_altar_4, serial_shops,
          shop_coins, nicolae_gozag_seed_capital
D:6:      nicolae_overflow_crystal_walls
D:7:      chequers_temple_overflow_statue_of_worship, overflow_temple_1_default,
          uniq_pikel
D:8:      minmay_ornate_pinched, grunt_lair_entry_orc_guard_hut, basic_altar,
          uniq_gastronok
Lair:1:   basic_altar, minivault_19, wad_woods_road_01
Lair:2:   lemuel_fruit_fields, uniq_nergalle
Lair:3:   minmay_shoals_entry_lonely_mermaid,
          minmay_snake_entry_guardpost_large, st_stairs_5, lemuel_fruit_tree,
          serial_bayou_shore_a
Lair:5:   dpeg_slime_entry_enclosed_altar, infiniplex_staircase_pool_2,
          grunt_megastairs_4
Lair:6:   evil_forest, lab_entry_generic
Lab:      labyrinth_green, nicolae_lab_flowing_pool, nicolae_lab_checkerboard,
          nicolae_lab_hexagon, lab_hedge, nicolae_lab_statue,
          labyrinth_skeletal_remains, nicolae_lab_very_dead_end,
          nicolae_lab_stuck, nicolae_lab_plus,
          labyrinth_baited_teleportation_trap, nicolae_lab_quarters,
          nicolae_lab_dead_end, nicolae_lab_garden

Skill      XL: |  1 |
---------------+----+-----
Air Magic      | 3 |  3.1
Short Blades   | 3 |  3.7
Dodging        | |  3.0
Stealth        | |  3.0
Spellcasting   | |  2.6
Conjurations   | |  0.6

Action                   |  1- 3 |  4- 6 || total
-------------------------+-------+-------++-------
Melee: Short sword       |    16 |     2 ||    18
       Unarmed           |    13 |       ||    13
 Cast: Shock             |     7 |       ||     7
Invok: Request Jelly     |       |     2 ||     2
Evoke: Wand              |     1 |     3 ||     4
  Use: Potion            |     3 |     1 ||     4
       Scroll            |       |     7 ||     7
 Stab: Paralysed         |     6 |       ||     6
       Sleeping          |     1 |       ||     1
Armor: Robe              |     2 |     2 ||     4
Dodge: Dodged            |    38 |    33 ||    71

Table legend:
 A = Spawn XP
 B = Non-spawn XP
 C = Spawn XP percentage of total XP
 D = Spawn monster count
 E = Non-spawn monster count
 F = Spawn count percentage of total count
 G = Total turns spent on level
                    A         B        C        D         E        F      G
               +---------+---------+-------+---------+---------+-------+---------
         Total |       0 |     110 |   0.0 |       0 |       7 |   0.0 |  3951
               +---------+---------+-------+---------+---------+-------+---------
           D:1 |       0 |       3 |   0.0 |       0 |       2 |   0.0 |    31
           D:2 |       0 |       2 |   0.0 |       0 |       1 |   0.0 |    22
           D:3 |       0 |       4 |   0.0 |       0 |       2 |   0.0 |    76
           D:4 |       0 |       1 |   0.0 |       0 |       1 |   0.0 |    87
           D:8 |       0 |     100 |   0.0 |       0 |       1 |   0.0 |    92
               +---------+---------+-------+---------+---------+-------+---------
